General information
- name: BNet
- type: Ladder team game (AT/RT)
- host: Battle.net
- saver: Elora
map: GolemsInTheMist
- players: 8
- length: 09:20
- speed: Fast
- version: 1.23 W3XP
- replay type: Public
» download(52 KB)
Players
team 1 (winner)
noIandonavaIele (
purple | 61 APM | 559 actions | 09:11)
3 Lich
2 Frost Nova
1 Frost Armor
» actions
| Assign group hotkey | 4 | |
| Basic commands | 17 | |
| Build / train | 29 | |
| Enter build submenu | 13 | |
| Enter hero's abilities submenu | 3 | |
| Give item / drop item | 1 | |
| Right click | 171 | |
| Select / deselect | 116 | |
| Select group hotkey | 167 | |
| Use ability | 38 | |
559 total
» units
| Acolyte | 3 | |
| Ghoul | 8 | |
| Necromancer | 3 | |
14 total
» upgrades
| Necromancer Training | 1 | |
| Skeletal Longevity | 1 | |
2 total
» buildings
| Graveyard | 1 | |
| Altar of Darkness | 1 | |
| Ziggurat | 5 | |
| Crypt | 1 | |
| Tomb of Relics | 1 | |
| Nerubian Tower | 1 | |
| Spirit Tower | 1 | |
| Halls of the Dead | 1 | |
| Temple of the Damned | 3 | |
| Black Citadel | 1 | |
16 total
» build order
00:12 Graveyard
00:18 Altar of Darkness
00:37 Ziggurat
00:54 Ziggurat
01:16 Crypt
01:37 Tomb of Relics
01:41 Nerubian Tower
02:02 Spirit Tower
03:32 Halls of the Dead
04:03 Ziggurat
05:56 Temple of the Damned
06:00 Temple of the Damned
06:35 Temple of the Damned
08:39 Black Citadel
08:47 Ziggurat
08:53 Ziggurat
» items
| Rod of Necromancy | 2 | |
| Sacrificial Skull | 1 | |
| Dust of Appearance | 1 | |
4 total

»
wahappen (
blue | 51 APM | 471 actions | 09:11)
3 Death Knight
1 Death Coil
2 Unholy Aura
» actions
| Assign group hotkey | 4 | |
| Build / train | 38 | |
| Enter build submenu | 15 | |
| Enter hero's abilities submenu | 3 | |
| Remove unit from queue | 3 | |
| Right click | 258 | |
| Select / deselect | 103 | |
| Select group hotkey | 31 | |
| Use ability | 16 | |
471 total
» units
| Acolyte | 3 | |
| Ghoul | 17 | |
| Crypt Fiend | 8 | |
28 total
» upgrades
| Creature Carapace | 1 | |
| Creature Attack | 1 | |
2 total
» buildings
| Altar of Darkness | 1 | |
| Ziggurat | 8 | |
| Crypt | 2 | |
| Nerubian Tower | 1 | |
| Graveyard | 1 | |
13 total
» build order
00:25 Altar of Darkness
00:28 Ziggurat
00:32 Crypt
01:20 Nerubian Tower
01:54 Ziggurat
02:43 Ziggurat
03:36 Ziggurat
04:13 Ziggurat
04:47 Graveyard
05:14 Ziggurat
06:07 Crypt
08:38 Ziggurat
08:42 Ziggurat
LastVizard (
orange | 27 APM | 252 actions | 09:11)
3 Death Knight
2 Unholy Aura
1 Death Coil
» actions
| Assign group hotkey | 1 | |
| Basic commands | 2 | |
| Build / train | 28 | |
| Enter build submenu | 10 | |
| Enter hero's abilities submenu | 3 | |
| Remove unit from queue | 2 | |
| Right click | 102 | |
| Select / deselect | 75 | |
| Select group hotkey | 19 | |
| Use ability | 10 | |
252 total
» units
» upgrades
| Cannibalize | 1 | |
| Web | 1 | |
| Unholy Strength | 2 | |
| Unholy Armor | 0 | |
4 total
» buildings
| Crypt | 1 | |
| Ziggurat | 4 | |
| Altar of Darkness | 1 | |
| Halls of the Dead | 1 | |
| Graveyard | 1 | |
| Spirit Tower | 2 | |
| Black Citadel | 1 | |
11 total
» build order
00:15 Crypt
00:27 Ziggurat
01:19 Altar of Darkness
01:41 Ziggurat
02:51 Halls of the Dead
04:41 Graveyard
05:01 Ziggurat
05:46 Ziggurat
06:05 Spirit Tower
07:00 Black Citadel
07:04 Spirit Tower
Elora (
pink | 48 APM | 450 actions | 09:20)
2 Crypt Lord
1 Carrion Beetles
1 Impale
» actions
| Assign group hotkey | 7 | |
| Basic commands | 57 | |
| Build / train | 28 | |
| Enter build submenu | 10 | |
| Enter hero's abilities submenu | 2 | |
| Right click | 104 | |
| Select / deselect | 98 | |
| Select group hotkey | 136 | |
| Use ability | 8 | |
450 total
» units
» buildings
| Crypt | 2 | |
| Ziggurat | 3 | |
| Altar of Darkness | 1 | |
6 total
» build order
00:14 Crypt
00:39 Ziggurat
00:55 Altar of Darkness
01:52 Ziggurat
02:15 Crypt
03:08 Ziggurat
team 2 (loser)
eHONDa (
teal | 41 APM | 370 actions | 08:58)
3 Tauren Chieftain
2 Shockwave
1 Endurance Aura
» actions
| Basic commands | 5 | |
| Build / train | 29 | |
| ESC pressed | 1 | |
| Enter build submenu | 14 | |
| Enter hero's abilities submenu | 3 | |
| Right click | 160 | |
| Select / deselect | 136 | |
| Use ability | 22 | |
370 total
» units
| Peon | 10 | |
| Troll Headhunter/Berserker | 9 | |
19 total
» upgrades
| Armor | 1 | |
| Ranged Weapons | 2 | |
| Spiked Barricades | 2 | |
5 total
» buildings
| Altar of Storms | 1 | |
| Orc Burrow | 4 | |
| War Mill | 1 | |
| Barracks | 1 | |
| Stronghold | 1 | |
| Voodoo Lounge | 1 | |
| Watch Tower | 4 | |
| Great Hall | 1 | |
14 total
» build order
00:03 Altar of Storms
00:04 Orc Burrow
00:48 War Mill
01:29 Barracks
01:42 Orc Burrow
03:30 Orc Burrow
04:07 Stronghold
04:28 Voodoo Lounge
05:33 Orc Burrow
05:37 Watch Tower
05:38 Watch Tower
07:24 Watch Tower
08:03 Watch Tower
08:28 Great Hall
iceSoul_38 (
red | 61 APM | 562 actions | 09:10)
1 Death Knight
1 Death Coil
» actions
| Assign group hotkey | 4 | |
| Build / train | 22 | |
| Enter build submenu | 8 | |
| Enter hero's abilities submenu | 1 | |
| Right click | 410 | |
| Select / deselect | 64 | |
| Select group hotkey | 27 | |
| Use ability | 26 | |
562 total
» units
| Acolyte | 2 | |
| Ghoul | 3 | |
| Crypt Fiend | 9 | |
14 total
» upgrades
| Creature Attack | 1 | |
| Creature Carapace | 1 | |
2 total
» buildings
| Graveyard | 1 | |
| Ziggurat | 4 | |
| Crypt | 1 | |
| Altar of Darkness | 1 | |
| Nerubian Tower | 2 | |
| Tomb of Relics | 1 | |
| Halls of the Dead | 1 | |
11 total
» build order
00:08 Graveyard
00:12 Ziggurat
00:38 Crypt
00:59 Altar of Darkness
01:16 Ziggurat
01:39 Nerubian Tower
02:09 Tomb of Relics
02:45 Ziggurat
04:52 Halls of the Dead
05:34 Ziggurat
07:07 Nerubian Tower
» items

»
DeAtHaNdHaTrEd (
green | 41 APM | 376 actions | 09:10)
2 Blademaster
1 Wind Walk
1 Critical Strike
» actions
| Build / train | 25 | |
| Enter build submenu | 19 | |
| Enter hero's abilities submenu | 2 | |
| Right click | 222 | |
| Select / deselect | 83 | |
| Use ability | 25 | |
376 total
» units
» upgrades
» buildings
| Altar of Storms | 1 | |
| Orc Burrow | 5 | |
| Barracks | 2 | |
| War Mill | 1 | |
| Voodoo Lounge | 1 | |
| Stronghold | 1 | |
| Watch Tower | 4 | |
| Fortress | 1 | |
| Spirit Lodge | 1 | |
17 total
» build order
00:30 Altar of Storms
01:01 Orc Burrow
01:28 Barracks
01:37 Barracks
01:57 War Mill
02:12 Orc Burrow
03:13 Orc Burrow
03:52 Voodoo Lounge
04:35 Orc Burrow
04:38 Stronghold
06:00 Orc Burrow
06:11 Watch Tower
06:17 Watch Tower
07:28 Watch Tower
08:05 Watch Tower
08:39 Fortress
09:02 Spirit Lodge
» items
| Healing Salve | 1 | |
| Scroll of Speed | 1 | |
2 total

»
94playla (
yellow | 21 APM | 193 actions | 09:05)
1 Paladin
1 Divine Shield
» actions
| Assign group hotkey | 2 | |
| Build / train | 35 | |
| Enter build submenu | 17 | |
| Enter hero's abilities submenu | 1 | |
| Remove unit from queue | 1 | |
| Right click | 26 | |
| Select / deselect | 53 | |
| Select group hotkey | 27 | |
| Use ability | 31 | |
193 total
» units
» upgrades
» buildings
| Farm | 9 | |
| Altar of Kings | 1 | |
| Barracks | 1 | |
| Arcane Vault | 1 | |
| Lumber Mill | 2 | |
| Blacksmith | 1 | |
| Scout Tower | 7 | |
| Keep | 1 | |
| Guard Tower | 4 | |
| Gryphon Aviary | 2 | |
| Arcane Tower | 0 | |
29 total
» build order
03:28 Farm
03:35 Altar of Kings
03:37 Barracks
03:40 Arcane Vault
03:44 Lumber Mill
03:46 Blacksmith
03:55 Scout Tower
03:56 Scout Tower
03:58 Scout Tower
04:01 Scout Tower
04:10 Farm
05:12 Farm
05:13 Farm
05:17 Farm
05:18 Farm
05:21 Keep
05:26 Lumber Mill
05:33 Guard Tower
05:48 Guard Tower
06:30 Farm
06:35 Farm
06:37 Farm
08:12 Scout Tower
08:13 Scout Tower
08:17 Scout Tower
08:41 Gryphon Aviary
08:43 Gryphon Aviary
08:47 Arcane Tower
08:50 Guard Tower
08:59 Guard Tower
Chat log
(00:03 / Allies) Elora: Rushing?
(00:16 / Allies) wahappen: yeah mass ghoul rush
(00:19 / Allies) wahappen: :]
(00:22 / Allies) LastVizard: k
(00:27 / Allies) Elora: must feed
(00:39 / Allies) wahappen: yeah i got dk
(00:43 / Allies) Elora: Me too
(00:47 / Allies) wahappen: sumone get dl
(01:19 / Allies) Elora: One hero each...
(01:28 / Allies) Elora: Ill go Crypt lord!
(01:42 / Allies) Elora: Blues got death knight
(01:45 / Allies) wahappen: i dk
(02:26 / Allies) wahappen: 10 ghouls each
(03:42 / Allies) Elora: no dreadlord
(04:04 / Allies) wahappen: fuck
(04:07 / Allies) wahappen: shit
(04:32 / Allies) wahappen: almost rdy
(04:44 / Allies) LastVizard: rdy
(04:58 / Allies) wahappen: meet
(06:43 / Allies) noIandonavaIele: mai
(08:09 / Allies) Elora: Nicwe
(08:11 / Allies) Elora: Nice*